 Dungeon Sprint DCSS version 0.29-a0-789-g7a8fcbc185 (webtiles) character file.

Game seed: 2763917670852305478

38 mhtbhm the Digger (level 3, -11/19 HPs)
             Began as a Gargoyle Earth Elementalist on July 2, 2022.
             Mangled by an ogre
             ... wielding a +0 giant spiked club
              (19 damage)
             ... in the Dungeon (Sprint IX: "|||||||||||||||||||||||||||||").
             The game lasted 00:00:49 (360 turns).

mhtbhm the Digger (Gargoyle Earth Elementalist)      Turns: 360, Time: 00:00:50

Health: -11/19     AC:  5    Str: 13    XL:     3   Next: 43%
Magic:  0/7        EV: 12    Int: 15    God:
Gold:   0          SH:  0    Dex: 10    Spells: 7/8 levels left

rFire   . . .      SeeInvis .   h - +0 club
rCold   . . .      Faith    .   (no shield)
rNeg    + . .      Spirit   .   a - +0 robe
rPois   ∞          Reflect  .   (no helmet)
rElec   +          Harm     .   (no cloak)
rCorr   .          Rampage  .   (no gloves)
Will    .....      NoTele   +   (no boots)
Stlth   ++........              (no amulet)
HPRegen 0.06/turn               (no ring)
MPRegen 0.10/turn               (no ring)

@: on berserk cooldown, slowed, very slow
A: sickness immunity, AC +3, negative energy resistance 1, electricity
resistance, torment resistance 1, petrification resistance
a: no special abilities


You were in the Dungeon.
You visited 1 branch

Inventory:

Hand Weapons
 h - a +0 club (weapon)
Armour
 a - a +0 robe (worn)
Scrolls
 g - a scroll of blinking
Potions
 b - 2 potions of magic
 c - a potion of curing
 e - a potion of haste


   Skills:
 + Level 2.5 Dodging
 + Level 3.3 Stealth
 + Level 3.3 Spellcasting
 + Level 1.2 Transmutations
 + Level 6.4 Earth Magic


You had 7 spell levels left.
You knew the following spells:

 Your Spells              Type           Power      Damage    Failure   Level
a - Sandblast             Erth           42%        2d11      1%          1

Your spell library contained the following spells:

 Spells                   Type           Power      Damage    Failure   Level
 Passwall                 Tmut/Erth      11%        N/A       6%          2
 Stone Arrow              Conj/Erth      24%        3d8       16%         3
 Petrify                  Tmut/Erth      14%        N/A       36%         4


Dungeon Overview and Level Annotations

Branches:
Dungeon (1/1)

Altars:


Innate Abilities, Weirdness & Mutations

You are immune to sickness and miasma.
Your stone body is resilient. (AC +3)
You are immune to poison.
You resist negative energy. (rN+)
You are resistant to electric shocks. (rElec)
You are resistant to unholy torment.
You are immune to petrification.


Message History

Press: ? - help, Shift-Dir - straight line, f/p - iguana
Aim: an iguana (83% to hit)
The blast of sand hits the iguana but does no damage.
The iguana barely misses you. The iguana closely misses you.
The iguana bites you.
Unknown command.
Casting: Sandblast (safe; 1% risk of failure)
Confirm with . or Enter, or press ? or * to list all spells.
Aiming: Sandblast (safe; 1% risk of failure)
Press: ? - help, Shift-Dir - straight line, f/p - iguana
Aim: an iguana (83% to hit)
The blast of sand hits the iguana.
The iguana is lightly wounded.
The iguana closely misses you. The iguana bites you. The iguana bites you!
Ouch! That really hurt!
* * * LOW HITPOINT WARNING * * *
Unknown command.
You feel much better.
The iguana bites you but does no damage.
The iguana closely misses you.
Casting: Sandblast (safe; 1% risk of failure)
Confirm with . or Enter, or press ? or * to list all spells.
Aiming: Sandblast (safe; 1% risk of failure)
Press: ? - help, Shift-Dir - straight line, f/p - iguana
Aim: an iguana (lightly wounded, 83% to hit)
The blast of sand hits the iguana!
The iguana is almost dead.
The iguana closely misses you. The iguana bites you!
Ouch! That really hurt!
The iguana misses you.
Casting: Sandblast (safe; 1% risk of failure)
Confirm with . or Enter, or press ? or * to list all spells.
Aiming: Sandblast (safe; 1% risk of failure)
Press: ? - help, Shift-Dir - straight line, f/p - iguana
Aim: an iguana (almost dead, 83% to hit)
The blast of sand hits the iguana.
You kill the iguana!
The ogre hits you with a +0 giant spiked club!!
Ouch! That really hurt!
You die... ▓▓▓▓▓▓▓▓▓▓▓▓▓▓▓▓▓▓ ▓<÷.().....@Oh...+ ▓▓▓▓▓▓▓▓▓▓▓▓▓▓▓▓▓▓

You could see an ogre and a hound.

Vanquished Creatures
  A hound (D)
  An iguana (D)
  An orc (D)
  A giant cockroach (D)
  A goblin (D)
  A hobgoblin (D)
  A kobold (D)
  A frilled lizard (D)
8 creatures vanquished.

Notes
Turn   | Place    | Note
-------+----------+-------------------------------------------
     0 | D        | mhtbhm the Gargoyle Earth Elementalist began the quest for
                  | the Orb.
     0 | D        | Reached XP level 1. HP: 10/10 MP: 3/3
     5 | D        | Reached skill level 1 in Transmutations
     5 | D        | Reached skill level 4 in Earth Magic
   340 | D        | Noticed a hound
   340 | D        | Noticed an iguana
   340 | D        | Noticed an ogre
   340 | D        | Noticed a hound
   352 | D        | Killed a hound
   353 | D        | Reached skill level 6 in Earth Magic
   353 | D        | Reached XP level 2. HP: 15/15 MP: 3/6
   353 | D        | Reached XP level 3. HP: 19/19 MP: 3/7
   360 | D        | Mangled by an ogre

Illustrated notes

Levels and vault maps discovered:
D:        linesprint [early_d, line_temple, items_1, d_10, items_2, lair_1,
          lair_end, items_3, orc_1, orc_end, items_4, d_15, swamp_1, shoals_1,
          snake_1, spider_1, d_20, vaults_1, items_5, swamp_end, shoals_end,
          snake_end, spider_end, vaults_end, d_27, items_6, zot_1, zot_end,
          crypt_end, forest_end, elf_end, slime_end, tomb_end, abyss_end,
          pan_hell_end]

Skill      XL: |  1 |
---------------+----+-----
Transmutations | 1 |  1.2
Earth Magic    | 6 |  6.4
Dodging        | 2 |  2.5
Stealth        | 3 |  3.3
Spellcasting   | 3 |  3.3

Action                   || total
-------------------------++-------
Melee: Club              ||    10
       Unarmed           ||     4
 Cast: Sandblast         ||    10
  Use: Potion            ||     3
Armor: Robe              ||    13
Dodge: Dodged            ||    28

Table legend: (Time is in decaauts)
 A = Elapsed time spent in this place.
 B = Non-inter-level travel time spent in this place.
 C = Inter-level travel time spent in this place.
 D = Time resting spent in this place.
 E = Time spent auto-exploring this place.
 F = Levels seen in this place.
 G = Mean time per level.
                   A        B        C        D        E       F      G
               +--------+--------+--------+--------+--------+-----+--------+
         Total |    374 |    374 |      0 |    297 |      3 |   1 |  374.0 |
       Dungeon |    374 |    374 |      0 |    297 |      3 |   1 |  374.0 |
               +--------+--------+--------+--------+--------+-----+--------+

Top non-repeatable levels by time:
       D: 374 daAuts
